 Dungeon Crawl Stone Soup version 0.17-a0-1301-ga863c44 (webtiles) character file.

119 DakoDarkAxe the Ducker (level 4, -3/33 HPs)
             Began as a Demonspawn Gladiator on June 8, 2015.
             Slain by a worker ant (4 damage)
             ... on level 5 of the Dungeon.
             The game lasted 00:05:52 (1290 turns).

DakoDarkAxe the Ducker (Demonspawn Gladiator)       Turns: 1290, Time: 00:05:53

Health: -3/33      AC: 10    Str: 16    XL:     4   Next: 73%
Magic:  4/4        EV: 11    Int:  9    God:
Gold:   72         SH:  0    Dex: 14    Spells: 0 memorised, 3 levels left

rFire  . . .     SeeInvis .     a - +0 trident
rCold  . . .     Clarity  .     n - +0 ring mail
rNeg   . . .     SustAt   .     (no shield)
rPois  .         Gourm    .     c - +0 helmet
rElec  .         Spirit   .     (no cloak)
rCorr  .         Warding  .     h - +0 pair of gloves
rMut   +         Stasis   .     (no boots)
MR     .....                    k - amulet of resist mutation
Stlth  +.........               (no ring)
                                (no ring)

@: lethally poisoned (-3 -> -13), not resistant to hostile enchantments, very
unstealthy
A: molten scales 2
a: no special abilities


You were on level 5 of the Dungeon.
You were not hungry.

You visited 1 branch of the dungeon, and saw 4 of its levels.

You collected 72 gold pieces.

Inventory:

Hand weapons
 a - a +0 trident (weapon)
 g - a +0 shortbow
Missiles
 d - a throwing net (quivered)
 o - 16 arrows
Armour
 c - a +0 helmet (worn)
 h - a +0 pair of gloves (worn)
 n - a +0 ring mail (worn)
Jewellery
 k - an amulet of resist mutation (around neck)
 m - an uncursed ring of wizardry {unknown}
Scrolls
 b - a scroll of identify {unknown}
 l - 3 scrolls of remove curse {unknown}
 p - a scroll of teleportation {unknown}
 q - a scroll of magic mapping {unknown}
Potions
 i - a potion of cancellation {unknown}
 j - a potion of heal wounds {unknown}
Comestibles
 e - 3 bread rations
 f - 2 meat rations


   Skills:
 + Level 2.2 Fighting
 + Level 3.2 Polearms
 + Level 1.8 Throwing
 + Level 1.7 Armour
 + Level 3.9 Dodging
 + Level 0.2 Stealth


You had 3 spell levels left.
You didn't know any spells.

Dungeon Overview and Level Annotations

Branches:
Dungeon (5/15)
 Temple: D:4-7

Altars:
Elyvilon
Vehumet


Innate Abilities, Weirdness & Mutations

You are mostly covered in molten scales (AC +3, EV -1).


Message History

The worker ant is severely wounded.
The worker ant barely misses you.
You puncture the worker ant!
The worker ant is almost dead.
You feel sick.
The worker ant bites you but does no damage. x2
You completely miss the worker ant.
The worker ant is almost dead.
The worker ant bites you but does no damage.
You barely miss the worker ant.
The worker ant is almost dead.
The worker ant bites you.
* * * LOW HITPOINT WARNING * * *
You are more poisoned.
The worker ant poisons you!
You barely miss the worker ant.
The worker ant is almost dead.
* * * LOW HITPOINT WARNING * * *
You feel sick. The worker ant bites you.
You die...

#########.#####....
#.# .
#######.#####># #
#.............#
..#####.####### #.#
#### #.# # ....
#.########.# ####
#......a@..#
#####.####...... ##
#≈.# ##### .# ≈♣≈#
.# .≈ ♣P .. .#P ..
## #.## ### . # ..


You could see a worker ant.

Vanquished Creatures
  A centaur (D:5)
  An adder (D:2)
  7 bats
  A bat zombie (D:5)
  2 giant cockroaches
  2 goblins
  8 hobgoblins
  2 kobolds (D:1)
  2 quokkas
  A giant gecko (D:1)
  4 giant newts
  2 rats (D:1)
33 creatures vanquished.

Vanquished Creatures (others)
  5 toadstools (D:1)
5 creatures vanquished.

Grand Total: 38 creatures vanquished

Notes
Turn   | Place    | Note
--------------------------------------------------------------
     0 | D:1      | DakoDarkAxe the Demonspawn Gladiator began the quest for the Orb.
     0 | D:1      | Reached XP level 1. HP: 16/16 MP: 1/1
   254 | D:1      | Reached skill level 3 in Dodging
   254 | D:1      | Gained mutation: You are partially covered in molten scales (AC +1). [demonic ancestry]
   254 | D:1      | Reached XP level 2. HP: 20/22 MP: 2/2
   573 | D:2      | Found a white marble altar of Elyvilon.
   573 | D:2      | Found a radiant altar of Vehumet.
   638 | D:2      | Gained mutation: You are mostly covered in molten scales (AC +3, EV -1). [demonic ancestry]
   638 | D:2      | Reached XP level 3. HP: 27/27 MP: 3/3
   969 | D:3      | Reached skill level 1 in Armour
  1028 | D:3      | You fall through a shaft for 2 floors!
  1028 | D:5      | Entered Level 5 of the Dungeon
  1103 | D:5      | Noticed a centaur
  1125 | D:5      | Killed a centaur
  1125 | D:5      | Reached XP level 4. HP: 19/33 MP: 4/4
  1290 | D:5      | HP: 1/33 [poisoned by a worker ant]
  1290 | D:5      | Slain by a worker ant

Vault maps used:
D:1:      ldierk_walled_garden, roderic_serpentine_path,
          minmay_misc_feat_secret_circle
D:2:      cheibriados_altar_1, gammafunk_temple_overflow_pools, first_bread,
          roderic_nine_men_s_morris
D:3:      overflow_temple_1_default, hangedman_decor_diamond_cutter,
          serial_bayou_pond_e
D:5:      serial_bayou, serial_bayou_ford_a, serial_bayou_shore_a,
          serial_bayou_pond_d, serial_bayou_pond_d, minivault_23, uniq_grinder

Action                   |  1- 3 |  4- 6 || total
-------------------------+-------+-------++-------
Melee: Trident           |   121 |    14 ||   135
       Shortbow          |       |     1 ||     1
 Fire: Shortbow          |       |     5 ||     5
Throw: Throwing net      |     3 |       ||     3
  Use: Potion            |     2 |       ||     2
  Eat: Meat ration       |     1 |       ||     1
